[Event "Live Chess"]
[Site "Chess.com"]
[Date "2024.06.02"]
[Round "-"]
[White "r0ad_t0-gm"]
[Black "halfberg"]
[Result "0-1"]
[WhiteElo "2281"]
[BlackElo "1889"]
[TimeControl "300"]
[EndTime "7:05:25 PDT"]
[Termination "halfberg won by checkmate"]

1. Nf3 c5 2. g3 Nc6 3. Bg2 g6 4.
c4 Bg7 5. Nc3 e6 6. d4 cxd4 7.
Nb5 d6 8. Bf4 e5 9. Bg5 f6 10. Bc1 Nge7 11. O-O O-O 12. e3 a6 13. Na3 Bg4 14. Nc2 dxe3 15. Bxe3 d5 16. cxd5 Qxd5 17.
h3 Qxd1 18. Rfxd1 Be6 19. Bc5 Rfd8 20. Ne3 Nf5 21. Ng4 h5 22. Ngh2 Nfd4 23. Nd2 Bd5 24. Bb6 Rd7 25. Ne4 Bxe4 26. Bxe4 f5 27. Bg2 e4 28. g4 Re8 29. Kf1 Nb4 30. a3 Nbc2 31. Rac1 e3 32. Rxc2 Nxc2 33. Rxd7 e2+ 34. Kg1 e1=Q+ 35.
Nf1 Re2 36. Bf3 Re8 37. Bxb7 hxg4 38. hxg4 fxg4 39. Bxa6 Qe6 40. Rb7 Ne1 41. Be3 Nf3+ 42. Kg2 Qxa6 43. Rb6 Qa8 44. Ng3 Ne1+ 45. Kf1 Nd3 46.
Rxg6 Rxe3 47. fxe3 Qf3+ 48. Kg1 Qxg3+ 49. Kh1 Nf2# 0-1

[Event "Live Chess"]
[Site "Chess.com"]
[Date "2024.06.02"]
[Round "-"]
[White "Dashman93"]
[Black "davigator"]
[Result "0-1"]
[WhiteElo "2144"]
[BlackElo "2354"]
[TimeControl "300"]
[EndTime "7:05:37 PDT"]
[Termination "davigator won by resignation"]

1. d4 Nf6 2. Nf3 e6 3. g3 b5 4. Bg2 Bb7 5. O-O c5 6. a4 b4 7. b3 d5 8. dxc5 Bxc5 9. Bb2 Nbd7 10. a5 Ba6 11. Re1 O-O 12. Nbd2 Rc8 13. e4 Qc7 14. exd5 exd5 15. Ne5 Bd6 16. Nxd7 Nxd7 17. Qg4 Be5 18. Bxe5 Nxe5 19. Qd4 Ng6 20. Rac1 Rfd8 21. Qxb4 d4 22.
Nc4 Bxc4 23. bxc4 Qxc4 24. Qb7 Qc7 25. Qa6 Rb8 26. Red1 Qc5 27. Rd2 Ne5 28. Rcd1 Nc4 29. Re2 Nxa5 30. Qd3 Nc4 31. c3 Nb2 32. cxd4 Qd6 33.
Rxb2 Rxb2 34. d5 a5 35. Rc1 Rb6 36. Qc3 a4 37. Ra1 Ra6 38. Qc4 a3 39. h4 g6 40.
h5 gxh5 41. Ra2 h6 42. Qe2 Qg6 43. Be4 Qf6 44. Qxh5 Re8 45. Qg4+ Kf8 46. Rd2 a2 0-1

[Event "Live Chess"]
[Site "Chess.com"]
[Date "2024.06.02"]
[Round "-"]
[White "ACM42"]
[Black "GrahamCuthbert"]
[Result "1-0"]
[WhiteElo "2188"]
[BlackElo "1037"]
[TimeControl "300"]
[EndTime "7:05:46 PDT"]
[Termination "ACM42 won by resignation"]

1. e4 c6 2. d4 d5 3. e5 c5 4. c3 Nc6 5. Nf3 Bg4 6. Bb5 e6 7. O-O Bxf3 8. Qxf3 a6 9. Bxc6+ bxc6 10.
Be3 Ne7 11. g4 Ng6 12. Nd2 cxd4 13. cxd4 Qb6 14. Nb3 a5 15. Qe2 a4 16. Nc5 Bxc5 17.
dxc5 Qc7 18. f4 O-O 19. Bd4 Rab8 20. f5 Ne7 21. h4 h6 22. h5 exf5 23. gxf5 Qd7 24.
f6 Nf5 25. Qg4 g6 26. hxg6 Rb7 27. gxf7+ Kxf7 28. Qh5+ Ke6 29. Qxf5+ Kf7 30. Rae1 Qxf5 31.
Rxf5 Rg8+ 32. Kh2 Rxb2+ 33. Bxb2 1-0

[Event "Live Chess"]
[Site "Chess.com"]
[Date "2024.06.02"]
[Round "-"]
[White "nitrofish07"]
[Black "Nazar-Makarchuk"]
[Result "1-0"]
[WhiteElo "2072"]
[BlackElo "1475"]
[TimeControl "300"]
[EndTime "7:05:52 PDT"]
[Termination "nitrofish07 won by resignation"]

1. d4 Nf6 2. c4 d5 3. cxd5 Qxd5 4. Nc3 Qd8 5. e4 e6 6. Nf3 Bb4 7. Qa4+ Nc6 8. Bb5 Bxc3+ 9. bxc3 Bd7 10. Qc2 O-O 11. h4 a6 12. Bd3 Na7 13. e5 Nd5 14. Bxh7+ Kh8 15. h5 f5 16. exf6 Nxf6 17. Bg6 Be8 18.
Ng5 Bxg6 19. hxg6+ Kg8 20. Qd3 Nd5 21. Qh3 1-0

[Event "Live Chess"]
[Site "Chess.com"]
[Date "2024.06.02"]
[Round "-"]
[White "JohanKjeldahl"]
[Black "McCarthyStone"]
[Result "0-1"]
[WhiteElo "1796"]
[BlackElo "2455"]
[TimeControl "300"]
[EndTime "7:05:53 PDT"]
[Termination "McCarthyStone won by checkmate"]

1. c4 b6 2. d4 Nf6 3. Nc3 e6 4. e4 Bb4 5. f3 d6 6. d5 e5 7.
Qa4+ Bd7 8. Qxb4 O-O 9. Bd3 a5 10. Qb3 Nh5 11. Qc2 Na6 12. a3 Nc5 13. Nge2 Qh4+ 14. g3 Qh3 15. Be3 Qg2 16. O-O-O Qxf3 17. Bxc5 bxc5 18. Rdf1 Qg4 19. h3 Qg5+ 20. Qd2 Qg6 21. g4 Nf6 22. Ng3 Rab8 23. Nf5 Rfe8 24. Kc2 h6 25. Rb1 Nh7 26. Nb5 Rb7 27. Qxa5 Bxb5 28. cxb5 Ng5 29. h4 Nf3 30. Rhf1 Qxg4 31.
Qc3 Qg2+ 32. Kb3 Nd2+ 33. Ka2 Nxb1 34. Rxb1 Kh7 35. h5 g6 36. hxg6+ fxg6 37. Ne3 Qf2 38. Nc4 Qd4 39. Qd2 Rxb5 40. Rh1 h5 41. Qe2 Reb8 42. Rxh5+ Kg7 43. Rh2 Rb3 44. Bb1 Rg3 45.
Rh1 Rf8 46. Qh2 Qxc4+ 47. Ka1 Rgf3 48. Qh7+ Kf6 49. Qh4+ Kf7 50. Qh7+ Ke8 51. Qxg6+ Kd8 52. Qg5+ Kc8 53. Rh7 Qd4 54. Qg7 Rxa3+ 55. Ba2 Rf1# 0-1

[Event "Live Chess"]
[Site "Chess.com"]
[Date "2024.06.02"]
[Round "-"]
[White "CheckThis4"]
[Black "missedJariChance"]
[Result "1-0"]
[WhiteElo "2680"]
[BlackElo "1382"]
[TimeControl "300"]
[EndTime "7:05:58 PDT"]
[Termination "CheckThis4 won by checkmate"]

1. d4 d5 2. Nc3 e6 3. e4 c5 4. exd5 exd5 5. Bb5+ Nc6 6. Nge2 Bd6 7. dxc5 Bxc5 8. Qxd5 Qxd5 9. Nxd5 Bd6 10. Bf4 Bxf4 11. Nexf4 Kd8 12. O-O-O Bd7 13. Rhe1 Nf6 14. Nxf6 gxf6 15.
Nd5 a6 16. Nb6 Rc8 17. Rxd7# 1-0

[Event "Live Chess"]
[Site "Chess.com"]
[Date "2024.06.02"]
[Round "-"]
[White "GerardATHart"]
[Black "gmnorfolk"]
[Result "0-1"]
[WhiteElo "1377"]
[BlackElo "2153"]
[TimeControl "300"]
[EndTime "7:06:08 PDT"]
[Termination "gmnorfolk won by checkmate"]

1. e4 c5 2. Nc3 d6 3. d4 cxd4 4.
Qxd4 Nc6 5. Qd2 e6 6. b3 Nf6 7. Bb2 d5 8. exd5 exd5 9. O-O-O Be6 10. Nf3 Bb4 11. a3 Ne4 12. Qe3 Bc5 13. Qe1 Nxf2 14. Rxd5 Nxh1 15. Rxc5 O-O 16. g3 Re8 17. Bg2 Nd4 18.
Qxh1 Nf5 19. Nb5 Rc8 20. Rxc8 Qxc8 21. Nbd4 Ne3 22. Nxe6 Qxc2# 0-1

[Event "Live Chess"]
[Site "Chess.com"]
[Date "2024.06.02"]
[Round "-"]
[White "resipsa6"]
[Black "degringolade64"]
[Result "1/2-1/2"]
[WhiteElo "2034"]
[BlackElo "2086"]
[TimeControl "300"]
[EndTime "7:06:34 PDT"]
[Termination "Game drawn - insufficient material"]

1. Nf3 d5 2. g3 Bg4 3. Bg2 Nd7 4.
b3 e6 5. Bb2 Ngf6 6. O-O a5 7. a4 c6 8. d4 Be7 9. Nbd2 h6 10. Ne5 Nxe5 11. dxe5 Nd7 12. h3 Bf5 13. e4 dxe4 14. Nxe4 Bxe4 15. Bxe4 Nc5 16. Qxd8+ Rxd8 17. Bf3 Rd2 18. Rac1 O-O 19. Rfd1 Rfd8 20. Kf1 Na6 21. Ke1 Bb4 22. c3 Rxd1+ 23. Rxd1 Rxd1+ 24. Kxd1 Bc5 25. Ke2 Kf8 26. Bc1 Be7 27. Bd2 Nc5 28. b4 Nb3 29. b5 cxb5 30. axb5 b6 31. Be3 Bc5 32. Bxc5+ Nxc5 33. Kd2 Ke7 34. Bc6 a4 35. Kc2 a3 36.
f4 g5 37. fxg5 hxg5 38. h4 gxh4 39. gxh4 f6 40. exf6+ Kxf6 41. Kb1 e5 42. Ka2 e4 43. Kxa3 e3 44. Bf3 Ke5 45. Kb2 Nd3+ 46. Kb1 Nf4 47.
Kc2 Kd6 48. h5 Kc5 49. h6 Ng6 50. Kd3 Kxb5 51. Kxe3 Kc5 52. Be4 Nh8 53. Kd3 b5 54.
h7 b4 55. c4 b3 56. Bd5 Kb4 57. Kd2 Ka3 58. Kc1 Kb4 59. Kb2 Ng6 60. Bf7 Nh8 61.
Bg8 Ng6 62. Bf7 Nh8 63. Bd5 Ng6 64. Bf3 Kxc4 65. Bh5 Nh8 66. Be2+ Kd5 67. Kxb3 Ke6 68. Bd3 Kf7 69. Kc4 Kg7 70. Kd5 Nf7 71. Ke6 Ng5+ 72. Ke7 Nxh7 1/2-1/2

[Event "Live Chess"]
[Site "Chess.com"]
[Date "2024.06.02"]
[Round "-"]
[White "Pandreq"]
[Black "Ferrarifan27"]
[Result "0-1"]
[WhiteElo "1249"]
[BlackElo "2140"]
[TimeControl "300"]
[EndTime "7:06:38 PDT"]
[Termination "Ferrarifan27 won on time"]

1. d4 Nf6 2. c4 e6 3. Nc3 Bb4 4. Bd2 c5 5. d5 O-O 6. a3 Ba5 7. Nf3 d6 8. e3 e5 9. Bd3 Bg4 10. Bc2 Re8 11. e4 Nbd7 12. O-O a6 13. Qe1 Bxf3 14.
gxf3 Nh5 15. Kh1 Qh4 16. Rg1 Qh3 17. Bd1 Nb6 18. b3 Bxc3 19. Bxc3 Nf4 20. Qf1 Qxf1 21. Rxf1 Rf8 22. Bd2 Nh5 23. Rg1 g6 24. Rg5 f6 25. Rg4 f5 26. exf5 Rxf5 27. Be2 Raf8 28. Rag1 Nf4 29. Bxf4 Rxf4 30. R1g2 Nd7 31. h3 R4f5 32.
Kh2 Nf6 33. R4g3 Nh5 34. Rg4 Nf4 35. Rxf4 Rxf4 36. Rg4 Rxg4 37. hxg4 e4 38. Kg3 exf3 39. Bxf3 h6 40. Be4 Kg7 41. f3 h5 42. g5 b5 43.
cxb5 axb5 0-1

[Event "Live Chess"]
[Site "Chess.com"]
[Date "2024.06.02"]
[Round "-"]
[White "GEMdzq"]
[Black "DoctorMantisTobogganMD"]
[Result "0-1"]
[WhiteElo "2285"]
[BlackElo "2220"]
[TimeControl "300"]
[EndTime "7:06:59 PDT"]
[Termination "DoctorMantisTobogganMD won on time"]

1. e4 c6 2. d4 g6 3. h4 h5 4. Bc4 d5 5. exd5 cxd5 6. Bd3 Nc6 7.
Nf3 Bg4 8. c3 Bg7 9. Bg5 Qb6 10.
Qc2 Bxf3 11. gxf3 Rc8 12. Qe2 e6 13. O-O Nge7 14. Na3 O-O 15. Nb5 a6 16. Na3 Qc7 17. Nc2 b5 18. a4 b4 19. Bxa6 Rb8 20. Bb5 bxc3 21. bxc3 Na5 22. Ne3 Nc8 23. Ng2 Nd6 24.
Bf4 Qb6 25. Be5 Bxe5 26. Qxe5 Nxb5 27. axb5 Nc4 28. Qg5 Qxb5 29. Nf4 Kh7 30. Nxh5 gxh5 31. Qxh5+ Kg7 32. Kh1 Rg8 33. Rg1+ Kf8 34. Rxg8+ Kxg8 35. Qh6 Qb1+ 36. Rxb1 Rxb1+ 37. Kg2 Nd6 38. Qg5+ Kh7 39. Qe7 Rb6 40. Qc7 Ra6 41. Kh3 Kg7 42. h5 Nf5 43. Qe5+ Kg8 44. Qf6 Ra1 45. Kg2 Ra8 46.
h6 Ra7 47. Kh3 Kh7 48. c4 dxc4 49. d5 Nxh6 50. dxe6 fxe6 51. Qxe6 Rf7 52. Kg2 c3 53. Qc6 Rg7+ 54. Kf1 c2 55. Qxc2+ Kh8 56. f4 Rf7 57. Qc4 Rf6 58. Qd4 Kg7 59. f3 Kf7 60.
Kf2 Nf5 61. Qa7+ Kg6 62. Kg2 Nh4+ 63. Kh3 Nf5 64. Kg4 Nh6+ 65. Kg3 Nf5+ 66. Kf2 Rf7 67. Qa6+ Kg7 68. Qd3 Nh6 69. Qc3+ Kh7 70. Qd4 Nf5 71. Qa4 Kg6 72. Ke2 Ng3+ 73. Kf2 Nh5 74. Ke3 Re7+ 75.
Kf2 Rf7 76. f5+ Kxf5 77. Qg4+ Ke5 78. Qxh5+ Ke6 0-1

[Event "Live Chess"]
[Site "Chess.com"]
[Date "2024.06.02"]
[Round "-"]
[White "ivan_1968"]
[Black "Kyrylo7770"]
[Result "1-0"]
[WhiteElo "1819"]
[BlackElo "1641"]
[TimeControl "300"]
[EndTime "7:07:13 PDT"]
[Termination "ivan_1968 won by checkmate"]

1. d4 d5 2. c4 Bg4 3. cxd5 Qxd5 4. Nc3 Qd8 5. f3 Bh5 6. e4 Nf6 7. Bc4 e6 8. Nge2 Bb4 9. O-O O-O 10. a3 Ba5 11.
Be3 c6 12. Nf4 Bg6 13. Qe2 Bc7 14.
Rad1 Qe7 15. Nxg6 fxg6 16. Bg5 Qf7 17. d5 cxd5 18. exd5 Qd7 19. dxe6 Qe7 20. Nd5 Qc5+ 21. Kh1 Qd6 22. Nxf6+ gxf6 23. Rxd6 Bxd6 24. e7+ Rf7 25.
e8=Q+ Kg7 26. Qxf7+ Kh8 27. Bxf6# 1-0

[Event "Live Chess"]
[Site "Chess.com"]
[Date "2024.06.02"]
[Round "-"]
[White "Queensandpawns"]
[Black "imchessive"]
[Result "1-0"]
[WhiteElo "2297"]
[BlackElo "1587"]
[TimeControl "300"]
[EndTime "7:07:14 PDT"]
[Termination "Queensandpawns won by resignation"]

1. e4 c5 2. d4 cxd4 3. c3 dxc3 4. Bc4 e6 5. Nf3 Qc7 6. Bb3 cxb2 7. Bxb2 Bb4+ 8.
Kf1 f6 9. e5 Nc6 10. exf6 Nxf6 11. a3 Bc5 12. Ng5 Qf4 13. Qd2 Qxd2 14. Nxd2 h6 15.
Nge4 Be7 16. Re1 d5 17. Nxf6+ gxf6 18. h4 Rg8 19. Rh3 Na5 20. Ba4+ Bd7 21. Bxd7+ Kxd7 22.
Rhe3 e5 23. Rd3 d4 24. Ne4 Nc4 25. Bxd4 exd4 26. Rxd4+ Nd6 27. Nxd6 Bxd6 28. Red1 Ke7 29. Rxd6 Rad8 30. Rxd8 Rxd8 31. Rxd8 Kxd8 32. Ke2 Kc7 33. Kd3 Kc6 34. Kc4 Kd6 35. Kd4 Ke6 36. Ke4 f5+ 37.
Kf4 Kd5 38. Kxf5 Kc4 39. g4 Kb3 40. g5 hxg5 41. hxg5 Kxa3 42. g6 b5 43. g7 b4 44.
g8=Q b3 45. Qa8 b2 46. Qxa7+ Kb3 47. Qb6+ Kc2 48. Kg5 1-0

[Event "Live Chess"]
[Site "Chess.com"]
[Date "2024.06.02"]
[Round "-"]
[White "jimwad"]
[Black "Grace6363"]
[Result "1-0"]
[WhiteElo "1334"]
[BlackElo "1139"]
[TimeControl "300"]
[EndTime "7:07:15 PDT"]
[Termination "jimwad won by resignation"]

1. d4 Nf6 2. c4 g6 3. Nc3 d5 4. Nf3 Bg7 5. Bf4 O-O 6. e3 Nc6 7.
cxd5 Nxd5 8. Nxd5 Qxd5 9. Rc1 Bg4 10. Bc4 Qe4 11. Be2 Rad8 12. Bxc7 Rd7 13. Bg3 Nb4 14. O-O Rfd8 15. a3 Nd3 16. Qxd3 Qxd3 17. Bxd3 Bxf3 18. gxf3 Bh6 1-0

[Event "Live Chess"]
[Site "Chess.com"]
[Date "2024.06.02"]
[Round "-"]
[White "Mangoalo"]
[Black "TheSmoulderingMaster"]
[Result "0-1"]
[WhiteElo "1068"]
[BlackElo "1762"]
[TimeControl "300"]
[EndTime "7:07:17 PDT"]
[Termination "TheSmoulderingMaster won by resignation"]

1. e4 c5 2. Nf3 d6 3. d4 cxd4 4. Nxd4 Nf6 5. Nc3 g6 6. Bg5 Bg7 7. f3 O-O 8. Bd3 Nc6 9. Nxc6 bxc6 10. O-O Qa5 11. Bd2 Qb6+ 12. Kh1 Qxb2 13. Rb1 Qa3 14. Rb3 Qa5 15. Nd5 Qxa2 16. Nxf6+ Bxf6 17. Bc4 d5 18. exd5 cxd5 19. Rb8 Qxc4 20. Rxa8 Ba6 21. Re1 Rxa8 0-1

[Event "Live Chess"]
[Site "Chess.com"]
[Date "2024.06.02"]
[Round "-"]
[White "KeithArkell"]
[Black "MagnersCarlsberg2870"]
[Result "1-0"]
[WhiteElo "2425"]
[BlackElo "1784"]
[TimeControl "300"]
[EndTime "7:07:38 PDT"]
[Termination "KeithArkell won by checkmate"]

1. d4 Nf6 2. Nf3 c5 3. d5 d6 4.
Nc3 g6 5. e4 Nbd7 6. Bb5 a6 7.
Bxd7+ Bxd7 8. h3 Bg7 9. a4 Rb8 10. a5 O-O 11. O-O Ne8 12. Re1 f5 13. e5 dxe5 14.
Nxe5 b6 15. axb6 Rxb6 16. Qe2 Bb5 17. Nxb5 axb5 18. Nc6 Rxc6 19. dxc6 e5 20. Be3 Qb6 21. b4 Qxc6 22. Bxc5 Rf7 23. Qd2 e4 24. Ra7 Rxa7 25.
Bxa7 Bc3 26. Qe2 Bxe1 27. Qxe1 Nd6 28. Bc5 Nc4 29. Qa1 Qd5 30. Qf6 Qd1+ 31. Kh2 Nd2 32. Qf8# 1-0

[Event "Live Chess"]
[Site "Chess.com"]
[Date "2024.06.02"]
[Round "-"]
[White "nigelst"]
[Black "Plimsol"]
[Result "0-1"]
[WhiteElo "1724"]
[BlackElo "2356"]
[TimeControl "300"]
[EndTime "7:07:40 PDT"]
[Termination "Plimsol won by resignation"]

1. e4 e6 2. d4 d5 3. exd5 exd5 4. Nf3 Nc6 5. Bb5 Bd6 6. O-O Ne7 7. Re1 O-O 8. Ne5 f6 9. Bxc6 bxc6 10. Nf3 Bg4 11. h3 Bh5 12. Be3 Qd7 13. Nbd2 Rae8 14. Nf1 Nf5 15.
g4 Nxe3 16. Nxe3 Bg6 17. Nh4 Rb8 18. b3 Rfe8 19. Nhf5 Bb4 20. Rf1 h5 21. a3 Bf8 22. c4 hxg4 23. hxg4 Re4 24. Qf3 Rxb3 25. Rae1 Bxf5 26. Qxf5 Qxf5 27. gxf5 Rxd4 28. f3 Rd2 29. cxd5 Rxe3 30. Rxe3 Bc5 31. Re1 cxd5 32. Kf1 Bxe3 33.
Rxe3 Kf7 34. Rc3 Ke7 35. Rxc7+ Kd6 36. Rxg7 Ke5 37. Rxa7 Kxf5 38. Ke1 Ra2 39. Ra4 Ke5 40. f4+ Kf5 41. Rd4 Ke6 42. a4 Kd6 43. Rb4 Kc5 44. Rb5+ Kd4 45. Rb6 f5 46. Rb4+ Ke3 47.
Kd1 d4 48. Kc1 d3 49. Kb1 d2 50. Kxa2 d1=Q 51. Rb3+ Kxf4 52. a5 Qc2+ 53. Ka3 Qc5+ 54. Ka4 Qc6+ 55. Ka3 Kg4 56. Rb4+ f4 57. Ra4 Qxa4+ 58.
Kxa4 f3 59. a6 f2 60. a7 f1=Q 61. a8=Q Qa1+ 0-1

[Event "Live Chess"]
[Site "Chess.com"]
[Date "2024.06.02"]
[Round "-"]
[White "nitrofish07"]
[Black "resipsa6"]
[Result "1-0"]
[WhiteElo "2079"]
[BlackElo "2027"]
[TimeControl "300"]
[EndTime "7:08:01 PDT"]
[Termination "nitrofish07 won by resignation"]

1. d4 d5 2. c4 dxc4 3. Nf3 Nf6 4. e3 g6 5. Bxc4 Bg7 6. O-O O-O 7. Nc3 c6 8. b3 Nbd7 9. Bb2 Nb6 10. Qe2 Nxc4 11. bxc4 Bg4 12. h3 Bxf3 13. Qxf3 Qd7 14. Rab1 Rab8 15.
Ba3 Rfe8 16. Rfd1 b5 17. cxb5 cxb5 18. Ne4 Nxe4 19. Qxe4 a5 20. Bc5 b4 21. Qc2 e5 22.
dxe5 Bxe5 23. Rxd7 1-0

[Event "Live Chess"]
[Site "Chess.com"]
[Date "2024.06.02"]
[Round "-"]
[White "wadsy27"]
[Black "Pablo_dmp"]
[Result "1-0"]
[WhiteElo "2593"]
[BlackElo "1982"]
[TimeControl "300"]
[EndTime "7:08:23 PDT"]
[Termination "wadsy27 won on time"]

1. Nf3 d5 2. g3 Nf6 3. Bg2 Bf5 4.
c4 e6 5. Qb3 Qc8 6. O-O Be7 7.
cxd5 exd5 8. Nc3 c6 9. d3 h6 10.
e4 Be6 11. Nd4 O-O 12. exd5 Nxd5 13. Nxd5 cxd5 14. Re1 Bf6 15. Nxe6 fxe6 16. Rxe6 Kh8 17. Bxd5 Nc6 18. Bxc6 bxc6 19. Bf4 Bd4 20. Rc1 c5 21. Qd5 Rd8 22. Qe4 Qd7 23. b3 Re8 24. Re1 Rf8 25.
Be5 Bxf2+ 26. Kg2 Bxe1 27. Rxh6+ Kg8 28. Qh7+ Kf7 29. Rf6+ Ke8 30. Rxf8+ Kxf8 31. Qh8+ Ke7 32. Qxa8 Qxd3 33. Qf3 Qc2+ 34. Kf1 Bb4 35. Qe2 Qb1+ 36.
Kg2 Kf7 37. Qf1+ Qxf1+ 38. Kxf1 g6 39. Ke2 a6 40. Kd3 Ke7 41. Kc4 Ke6 42. Bf4 a5 43. Be3 Ke5 44. Bxc5 Be1 45. b4 axb4 46. Bxb4 Bf2 47.
a4 Bg1 48. h3 Ke4 49. Bc5 1-0

[Event "Live Chess"]
[Site "Chess.com"]
[Date "2024.06.02"]
[Round "-"]
[White "Crowded_House"]
[Black "bonantagulo"]
[Result "0-1"]
[WhiteElo "1637"]
[BlackElo "2224"]
[TimeControl "300"]
[EndTime "7:08:35 PDT"]
[Termination "bonantagulo won by resignation"]

1. d4 Nf6 2. Bg5 Ne4 3. Bh4 c5 4. c3 g5 5. Bg3 Bg7 6. Nd2 Nxg3 7. hxg3 cxd4 8. cxd4 Bxd4 9. Rb1 Nc6 10. e3 Bg7 11.
a3 d5 12. Bb5 Qb6 13. Bxc6+ bxc6 14. Qc2 Bg4 15. Ngf3 h6 16. O-O O-O 17. b4 Rfc8 18. Rbc1 a5 19. Qc5 Qxc5 20. bxc5 Rcb8 21. Nd4 Bxd4 22.
exd4 Rb2 23. Nf3 Bxf3 24. gxf3 Rab8 25. Ra1 a4 26. Kg2 R8b3 27. f4 gxf4 28. gxf4 Rd3 29.
Rfd1 Rbb3 30. Rxd3 Rxd3 31. Ra2 Rxd4 32. Kf3 Rc4 33. Rb2 Rxc5 34. Rb4 Rc3+ 35. Ke2 Rxa3 36.
Rb6 c5 37. Rb5 Rc3 38. Kd2 d4 39. Rb7 e6 40. Rb8+ Kg7 41. Ra8 a3 42. Ra4 Rf3 43.
Ke2 Rxf4 44. Rxa3 c4 45. Rg3+ Kf6 46. Rh3 Kg5 47. Rg3+ Rg4 48. Rf3 e5 49. Rxf7 c3 50.
Rg7+ Kh4 51. Rc7 Rg1 52. Rh7 h5 53. Re7 c2 54. Rc7 c1=Q 55. Rxc1 Rxc1 56. Kd3 Rf1 57. f3 Rxf3+ 0-1

[Event "Live Chess"]
[Site "Chess.com"]
[Date "2024.06.02"]
[Round "-"]
[White "agamilewska"]
[Black "PavelChernomordik"]
[Result "0-1"]
[WhiteElo "1742"]
[BlackElo "2503"]
[TimeControl "300"]
[EndTime "7:08:35 PDT"]
[Termination "PavelChernomordik won by resignation"]

1. d4 g6 2. Nf3 Bg7 3. c4 d6 4. Nc3 Nc6 5. Bf4 h6 6. e3 g5 7. Bg3 Nf6 8. Bd3 Nh5 9. O-O Nxg3 10. hxg3 Bg4 11. Be2 Qd7 12. d5 Bxf3 13. dxc6 Bxc6 14.
Bg4 e6 15. Nd5 f5 16. Bh5+ Kf8 17. Nc3 g4 18. Rc1 Bf6 19. Ne2 Kg7 20. Nf4 Bxb2 21.
Rc2 Bf6 22. Rd2 Rhd8 23. c5 d5 24. f3 gxf3 25. gxf3 Qe7 26. Ng6 Qxc5 27. Kf2 d4 28. exd4 Rxd4 29. Rxd4 Qxd4+ 30. Qxd4 Bxd4+ 31. Kg2 Kf6 32.
Nf4 e5 33. Ne2 Bb6 34. Nc3 Rd8 35. g4 Rd2+ 36. Kg3 Rd3 37. gxf5 Rxc3 0-1

[Event "Live Chess"]
[Site "Chess.com"]
[Date "2024.06.02"]
[Round "-"]
[White "silunn"]
[Black "NottheBishopSacrifice"]
[Result "0-1"]
[WhiteElo "2116"]
[BlackElo "2337"]
[TimeControl "300"]
[EndTime "7:09:25 PDT"]
[Termination "NottheBishopSacrifice won on time"]

1. e4 c6 2. d4 d5 3. exd5 cxd5 4. c4 Nf6 5. Nc3 Nc6 6. Nf3 a6 7. Be3 Be6 8. c5 g6 9. Ng5 Bf5 10. Qb3 Qd7 11. Na4 Rd8 12. Nb6 Qc7 13. Be2 Bg7 14. O-O O-O 15. h3 h6 16. Nf3 Ne4 17. Nxd5 Qd7 18.
Nb6 Qc7 19. Rac1 Nxd4 20. Nxd4 Bxd4 21. Bxh6 Bg7 22. Bxg7 Kxg7 23. Nd5 Qe5 24. Ne3 Nd2 25. Qxb7 Nxf1 26. Bxf1 Rb8 27. Qxa6 Qxb2 28. Rc4 Bd3 29.
Bxd3 Ra8 30. Qb6 Qa1+ 31. Kh2 Qe5+ 32. g3 Rxa2 33. Rc2 Ra1 34. Qb2 Qxb2 35. Rxb2 Rc1 36.
Bc4 Rc8 37. Rb5 e6 38. Kg2 Kf8 39. Kf3 Ke7 40. Rb7+ Kf8 41. Rb5 Ke7 42. Ng4 Rxc4 43. Rb7+ Kf8 44. Ne5 Rc3+ 45. Kg4 R3xc5 46. Nxf7 R8c7 47.
Rxc7 Rxc7 48. Ng5 Rc4+ 49. f4 Ke7 50. Nf3 Kf6 51. Ne5 Rc3 52. Kh4 g5+ 53. Kg4 gxf4 54.
gxf4 Ra3 55. h4 Ra1 56. Kf3 Rh1 57. Kg3 Rg1+ 58. Kf3 Rf1+ 59. Kg3 Rg1+ 60. Kf3 Rb1 61. Ng4+ Kf5 62. Ne3+ Kf6 63. Kg4 Rg1+ 64. Kf3 Rh1 65. Kg2 Rb1 66. Kg3 Rb3 67. Kf3 Ra3 68. Ke4 Ra4+ 69. Kd3 Rxf4 70. Ke2 Rxh4 71. Kf2 Rf4+ 72. Kg3 Re4 73. Ng4+ Ke7 74. Nf2 Re3+ 75. Kf4 Re2 76. Ng4 Kd6 77. Kf3 Ra2 78. Nf2 e5 79. Ne4+ Ke6 80. Nc3 Ra3 0-1

[Event "Live Chess"]
[Site "Chess.com"]
[Date "2024.06.02"]
[Round "-"]
[White "ProfPoisson"]
[Black "gobbles19"]
[Result "0-1"]
[WhiteElo "1319"]
[BlackElo "2200"]
[TimeControl "300"]
[EndTime "7:09:26 PDT"]
[Termination "gobbles19 won by resignation"]

1. e4 Nf6 2. Nc3 d6 3. f4 g6 4. Bc4 Bg7 5. Nf3 O-O 6. d3 c5 7. O-O Nc6 8. Qe1 Nd4 9. Bb3 Nxf3+ 10. Rxf3 a6 11. Nd5 b5 12. Nxf6+ Bxf6 13. Bd5 Rb8 14. f5 e6 15. fxe6 fxe6 16. Bh6 Bd4+ 17. Kh1 Rxf3 18. gxf3 exd5 19. Qg3 Bg7 20. Bf4 dxe4 21. Bxd6 Rb7 22. fxe4 Rf7 23. Bxc5 Bxb2 24. Rb1 Bd4 25. Bxd4 Qxd4 26. Rg1 Qf2 27. Qb8 Qf3+ 28. Rg2 Qd1+ 29. Rg1 Qxc2 30. Qe5 Qc7 31. Qe8+ Rf8 32. Rxg6+ hxg6 33. Qxg6+ Qg7 34. Qxa6 Bxa6 0-1

[Event "Live Chess"]
[Site "Chess.com"]
[Date "2024.06.02"]
[Round "-"]
[White "matt1979"]
[Black "juniortay"]
[Result "0-1"]
[WhiteElo "1439"]
[BlackElo "2310"]
[TimeControl "300"]
[EndTime "7:09:31 PDT"]
[Termination "juniortay won by resignation"]

1. f4 e5 2. fxe5 d6 3. exd6 Bxd6 4. Nf3 Nf6 5. d4 Ng4 6. g3 h5 7. Qd3 f5 8. Bg2 h4 9. Nxh4 Rxh4 10. gxh4 Qxh4+ 11. Kd2 Nc6 12. c3 Bd7 13. h3 Nf6 14. Qe3+ Kf7 15. Rf1 Re8 16. Qd3 Qg5+ 17. Kc2 Qxg2 18.
Qf3 Rxe2+ 19. Kb3 Be6+ 20. c4 Nxd4+ 0-1

[Event "Live Chess"]
[Site "Chess.com"]
[Date "2024.06.02"]
[Round "-"]
[White "gmnorfolk"]
[Black "missedJariChance"]
[Result "1-0"]
[WhiteElo "2153"]
[BlackElo "1382"]
[TimeControl "300"]
[EndTime "7:09:37 PDT"]
[Termination "gmnorfolk won by resignation"]

1. c4 e6 2. Nf3 d5 3. d4 Nf6 4.
Bg5 Be7 5. Nc3 O-O 6. e3 c5 7. cxd5 Nxd5 8. Nxd5 Bxg5 9. Nxg5 Qxg5 10. Nc7 cxd4 11. Nxa8 Qa5+ 12. Qd2 Nc6 13. Qxa5 Nxa5 14. exd4 Bd7 15. Nc7 a6 16. d5 exd5 17. Nxd5 Re8+ 18.
Ne3 Nc6 19. O-O-O Ne5 20. f4 Rc8+ 21. Kb1 1-0

[Event "Live Chess"]
[Site "Chess.com"]
[Date "2024.06.02"]
[Round "-"]
[White "Anareza_Firouzja"]
[Black "Purple1szed"]
[Result "1-0"]
[WhiteElo "1891"]
[BlackElo "2002"]
[TimeControl "300"]
[EndTime "7:09:47 PDT"]
[Termination "Anareza_Firouzja won by resignation"]

1. e4 e5 2. Nf3 Nc6 3. Bb5 g6 4.
c3 a6 5. Bxc6 dxc6 6. d4 exd4 7.
cxd4 Bg4 8. Nc3 Bg7 9. Be3 Bxf3 10. gxf3 Qd7 11. Qd2 O-O-O 12. O-O-O Nf6 13. Qd3 Rhe8 14. Na4 Qe6 15. Kb1 Nd7 16. Rc1 Kb8 17. Rc3 b5 18.
Nc5 Nxc5 19. Rxc5 Kb7 20. Rhc1 Qf6 21. Rxc6 Qxc6 22. Rxc6 Kxc6 23. d5+ Kb7 24. Qc2 Rd6 25. Qc5 Red8 26. Bf4 R6d7 27. Qc6+ Kb8 1-0

[Event "Live Chess"]
[Site "Chess.com"]
[Date "2024.06.02"]
[Round "-"]
[White "McFim"]
[Black "DylanMeyer1"]
[Result "0-1"]
[WhiteElo "1781"]
[BlackElo "1727"]
[TimeControl "300"]
[EndTime "7:09:53 PDT"]
[Termination "DylanMeyer1 won on time"]

1. e4 d5 2. exd5 Qxd5 3. Nc3 Qd6 4. Bc4 Nf6 5. d4 a6 6. a3 e6 7. Nf3 Be7 8. h3 O-O 9. O-O b5 10. Bb3 Bb7 11. Qd3 c5 12. dxc5 Qxc5 13. Be3 Qc6 14. Qe2 Nbd7 15. Rfd1 Rad8 16. Ne1 Nc5 17. Ba2 Rxd1 18. Rxd1 Rd8 19. Rxd8+ Bxd8 20. Qd2 Bb6 21. b4 Nce4 22. Nxe4 Nxe4 23. Qd3 h6 24. Bb3 Nf6 25. c4 bxc4 26. Bxc4 Bxe3 27. fxe3 Nd7 28. b5 Qc5 29. Qd4 Qxd4 30. exd4 axb5 31. Bxb5 Nb6 32. a4 Nc8 33.
Nc2 Kf8 34. Nb4 Ke7 35. Kf2 Kd6 36. g3 Na7 37. Be8 f6 38. Ke3 g5 39. h4 Ke7 40.
Bb5 Kd6 41. hxg5 hxg5 42. Be8 Nc6 43. Bxc6 Bxc6 44. a5 Ba8 45. Kd3 f5 46. Ke3 e5 47.
dxe5+ Kxe5 48. a6 f4+ 49. gxf4+ gxf4+ 50. Kf2 Ke4 51. a7 Kd4 52. Na6 Kc4 53. Nc7 Be4 54. a8=Q Bxa8 55. Nxa8 Kd5 56. Nc7+ Ke5 57. Ne8 Kf5 58.
Ng7+ Kg5 59. Ne6+ Kf5 0-1